 Dungeon Crawl Stone Soup version 0.27-a0-343-gfcad680f63 (webtiles) character file.

Game seed: 13067463958947655905

2132 inc the Fighter (level 9, -7/48 HPs)
             Began as a Felid Enchanter on Feb 14, 2021.
             Was a High Priest of Makhleb.
             Killed by divine providence
             ... invoked by an orc priest
              (12 damage)
             ... on level 11 of the Dungeon.
             The game lasted 00:39:23 (20142 turns).

inc the Fighter (Felid Enchanter)                  Turns: 20142, Time: 00:39:23

Health: -7/48      AC:  2    Str:  4    XL:     9   Next: 9%
Magic:  23/23      EV: 22    Int: 21    God:    Makhleb [*****.]
Gold:   584        SH:  0    Dex: 16    Spells: 3/12 levels left
                                        Lives:  0   Deaths: 3

rFire    . . .     SeeInvis +     - Unarmed
rCold    . . .     Faith    .   (shield unavailable)
rNeg     . . .     Spirit   .   (armour unavailable)
rPois    +         Reflect  .   (helmet unavailable)
rElec    .         Harm     .   (cloak unavailable)
rCorr    .         Rampage  .   (gloves unavailable)
Will     +....                  (boots unavailable)
Stlth    +++++.....             (no amulet)
HPRegen  0.16/turn              y - ring of magical power
MPRegen  0.18/turn              C - ring of poison resistance

@: marked, quick
A: very small, no armour, no weapons or thrown items, stealth, claws 1, fangs 3,
see invisible, speed 1, shaggy fur 2, sharp paws
a: Renounce Religion, Minor Destruction, Lesser Servant of Makhleb, Major
Destruction, Greater Servant of Makhleb


You were on level 11 of the Dungeon.
You worshipped Makhleb.
Makhleb was extremely pleased with you.
You visited 1 branch of the dungeon, and saw 11 of its levels.

You collected 584 gold pieces.

Inventory:

Jewellery
 m - a +6 ring of strength
 x - a ring of protection from cold
 y - a ring of magical power (left paw)
 B - a ring of ice
 C - a ring of poison resistance (right paw)
Wands
 c - a wand of flame (16)
 r - a wand of charming (13)
 w - a wand of iceblast (22)
 z - a wand of polymorph (11)
 A - a wand of random effects (37)
Scrolls
 a - 2 scrolls of amnesia {unknown}
 j - a scroll of immolation {unknown}
 l - a scroll of teleportation
 o - a scroll of enchant weapon
 p - 2 scrolls of magic mapping
 t - 2 scrolls of enchant armour {unknown}
 v - a scroll of fog
Potions
 b - 2 potions of magic
 d - a potion of might
 f - a potion of lignification
 g - 2 potions of haste
 h - 6 potions of curing
 i - a potion of ambrosia
 k - a potion of invisibility
 n - 2 potions of brilliance
 q - 3 potions of mutation
 s - a potion of attraction
 u - 3 potions of degeneration


   Skills:
 - Level 11.3 Fighting
 - Level 7.5 Dodging
 - Level 10.9 Stealth
 - Level 6.2 Unarmed Combat
 - Level 2.0 Spellcasting
 - Level 6.4 Hexes
 - Level 2.0 Ice Magic
 + Level 6.5 Invocations


You had 3 spell levels left.
You knew the following spells:

 Your Spells              Type           Power        Failure   Level
b - Ensorcelled Hibernat  Hex/Ice        38%          3%          2
c - Confusing Touch       Hex            29%          3%          3
d - Tukima's Dance        Hex            29%          3%          3
i - Corona                Hex            32%          1%          1

Your spell library contained the following spells:

 Spells                   Type           Power        Failure   Level
 Freeze                   Ice            40%          6%          1
 Dazzling Flash           Conj/Hex       30%          12%         3
 Summon Guardian Golem    Hex/Summ       15%          12%         3
 Summon Small Mammal      Summ           8%           14%         1
 Frozen Ramparts          Ice            20%          19%         3
 Ozocubu's Armour         Ice            10%          19%         3
 Call Imp                 Summ           2%           22%         2
 Call Canine Familiar     Summ           2%           41%         3
 Hailstorm                Conj/Ice       6%           67%         4
 Summon Ice Beast         Ice/Summ       6%           67%         4
 Summon Lightning Spire   Summ/Air       2%           82%         4


Dungeon Overview and Level Annotations

Branches:
Dungeon (11/15)            Temple (0/1) D:7             Orc (0/2) D:11
   Lair: D:8-11

Altars:
Cheibriados
Elyvilon
Fedhas
Hepliaklqana
Kikubaaqudgha
Makhleb
Qazlal
Sif Muna
Trog
Uskayaw
Wu Jian
Xom
The Shining One

Shops:
D:9 (

Annotations:
D:2 Crazy Yiuf
D:3 Grinder
D:10 Blork the orc


Innate Abilities, Weirdness & Mutations

You cannot wear armour.
You are incapable of wielding weapons or throwing items.
Your paws allow you to move quietly. (Stealth)
You have sharp claws.
You have razor-sharp teeth.
You have supernaturally acute eyesight. (SInv)
You cover ground quickly.
You are covered in thick fur. (AC +2)
Your sharp claws are effective at attacking unaware monsters.


Message History

The green ugly thing pecks your orange demon.
The hound closely misses your neqoxec.
Your neqoxec hits the hornet zombie!
Your orange demon stings the green ugly thing.
The green ugly thing looks as sick as possible!
Your orange demon poisons the green ugly thing!
Your orange demon hits the green ugly thing!
The green ugly thing looks weaker.
Your neqoxec hits the hound!
The hound dies!
Makhleb accepts your kill.
The hornet zombie closely misses your orange demon.
The green ugly thing closely misses your orange demon.
The hornet zombie hits your orange demon.
The hound bites your neqoxec.
Your orange demon stings the green ugly thing but does no damage.
Your orange demon hits the green ugly thing.
Your neqoxec barely misses the hound.
The green ugly thing barely misses your orange demon.
The hound misses your neqoxec.
The hornet zombie hits your orange demon but does no damage.
Your orange demon stings the hornet zombie.
Your orange demon hits the hornet zombie.
Your neqoxec barely misses the hound.
The hound barely misses your neqoxec. The wyvern zombie bites you.
* * * LOW HITPOINT WARNING * * *
The hornet zombie barely misses your orange demon.
The green ugly thing closely misses your orange demon.
The bullfrog hits your neqoxec. The hound bites your neqoxec.
Your orange demon stings the hornet zombie!
Your orange demon hits the hornet zombie.
Your neqoxec closely misses the hound.
The hornet zombie barely misses your orange demon.
The bullfrog hits your neqoxec.
The green ugly thing pecks your orange demon!
Something barely misses your neqoxec.
Something hits your orange demon but does no damage.
Found an escape hatch in the floor.
The orc priest calls down the wrath of Beogh upon you.
Beogh smites you!
You die...

..........W#h..##
....>.......3.4#
...............##
................##
...........###..o#
)..........# ##.Z#
###....#### #h.##
#.#### ##Z.# #.#
#.@.# #.# #..##
##.# #>.# ##..#
#..# #..## #..#
..## #..# ### #..#
# ##.#


You could see a warg, an orc priest, a wyvern zombie, a centaur warrior zombie,
a friendly orange demon (summoned) and a friendly neqoxec (summoned).

Vanquished Creatures
  2 two-headed ogres
  2 unseen horrors (D:10)
  A troll (D:8)
  A slime creature (D:8)
  Sigmund (D:5)
  A flying skull (D:11)
  A wyvern (D:8)
  A water moccasin (D:5)
  Duvessa (D:5)
  4 orc warriors
  3 ice beasts
  A sky beast (D:5)
  An eye of draining (D:8)
  A necrophage (D:5)
  10 ogres
  3 centaurs
  3 kobold brigands
  3 bullfrogs
  2 water moccasin zombies
  Dowan (D:5)
  4 scorpions
  6 killer bees
  7 wights
  A howler monkey (D:10)
  3 bullfrog zombies
  A jelly (D:5)
  4 orc priests
  5 hounds
  Ijyb (D:5)
  A bullfrog skeleton (D:7)
  3 iguanas
  6 worker ants
  15 orc wizards
  A hound zombie (D:10)
  5 hound skeletons
  A howler monkey zombie (D:7)
  A worker ant zombie (D:10)
  Robin (D:1)
  4 gnolls (D:3)
  16 adders
  4 shadow imps
  4 white imps
  4 ufetubi
  2 adder zombies
  An adder skeleton (D:7)
  3 worms
  A dart slug (D:2)
  5 leopard geckos
  33 orcs
  2 ball pythons
  5 bats
  5 giant cockroaches
  19 goblins
  13 hobgoblins
  8 jackals
  5 quokkas
  8 frilled lizards
  A jackal skeleton (D:5)
  28 kobolds
  A leopard gecko skeleton (D:4)
  A quokka zombie (D:8)
  5 rats
287 creatures vanquished.

Vanquished Creatures (collateral kills)
  Harold (D:7)
  A two-headed ogre (D:7)
  The ghost of HoaS the Cruncher, a novice GrGl of Okawaru (D:7)
  Joseph (D:7)
  Maggie (D:7)
  An ice beast (D:10)
  A centaur (D:10)
  A bullfrog (D:6)
  A hound (D:11)
  An orc priest (D:7)
  An adder (D:6)
  2 orcs (D:7)
13 creatures vanquished.

Vanquished Creatures (others)
  A dancing weapon (D:7)
  4 plants (D:8)
  A withered plant (D:2)
6 creatures vanquished.

Grand Total: 306 creatures vanquished

Notes
Turn   | Place    | Note
-------+----------+-------------------------------------------
     0 | D:1      | inc the Felid Enchanter began the quest for the Orb.
     0 | D:1      | Reached XP level 1. HP: 7/7 MP: 4/4
   121 | D:1      | Reached skill level 5 in Hexes
   271 | D:1      | Reached XP level 2. HP: 11/11 MP: 6/6
   274 | D:1      | Learned a level 2 spell: Ensorcelled Hibernation
   599 | D:1      | Reached skill level 1 in Fighting
  1237 | D:1      | Reached XP level 3. HP: 15/15 MP: 2/7
  1549 | D:2      | Found a faded altar of an unknown god.
  1569 | D:2      | Became a worshipper of Makhleb the Destroyer
  1569 | D:2      | Reached * piety under Makhleb
  1598 | D:2      | Noticed Robin
  1604 | D:2      | Reached skill level 1 in Ice Magic
  1887 | D:1      | Killed Robin
  2119 | D:2      | Reached XP level 4. HP: 19/19 MP: 4/8
  2356 | D:2      | Found a runed translucent door.
  2357 | D:2      | Noticed Crazy Yiuf
  2648 | D:2      | Found an ancient bone altar of Kikubaaqudgha.
  2658 | D:2      | Reached ** piety under Makhleb
  2715 | D:2      | Found a white marble altar of Elyvilon.
  3786 | D:3      | Reached skill level 1 in Invocations
  4317 | D:3      | Noticed Grinder
  4417 | D:3      | Reached XP level 5. HP: 5/22 MP: 5/9
  6490 | D:4      | Found a hazy altar of Hepliaklqana.
  6684 | D:4      | Gained mutation: You are covered in thick fur. (AC +2)
                  | [Felid growth]
  6684 | D:4      | Reached XP level 6. HP: 13/25 MP: 1/10
  6979 | D:5      | Entered Level 5 of the Dungeon
  7006 | D:4      | Learned a level 3 spell: Confusing Touch
  7058 | D:4      | Reached skill level 5 in Stealth
  7181 | D:5      | Noticed Ijyb
  7185 | D:5      | Noticed Duvessa
  7780 | D:5      | Reached XP level 7. HP: 28/28 MP: 8/11
  8482 | D:5      | Noticed Dowan
  8645 | D:5      | Found an ancient bone altar of Kikubaaqudgha.
  8659 | D:5      | Noticed Sigmund
  8673 | D:5      | Reached skill level 3 in Fighting
  8768 | D:5      | Killed Sigmund
  8769 | D:5      | Reached skill level 4 in Fighting
  8812 | D:5      | Found a stormy altar of Qazlal.
  8814 | D:5      | Noticed a fire elemental
  8815 | D:5      | Noticed a water elemental
  8815 | D:5      | Noticed an air elemental
  8830 | D:5      | Reached *** piety under Makhleb
  8921 | D:5      | Reached XP level 8. HP: 30/36 MP: 7/12
  9021 | D:5      | Reached skill level 5 in Fighting
  9512 | D:5      | Reached skill level 6 in Fighting
  9526 | D:5      | Found a blossoming altar of Fedhas.
  9667 | D:6      | Found a glowing golden altar of the Shining One.
  9670 | D:6      | Found a hide-covered altar of Uskayaw.
  9673 | D:6      | Found an ornate altar of the Wu Jian Council.
  9702 | D:6      | Found a burning altar of Makhleb.
  9858 | D:6      | Found a snail-covered altar of Cheibriados.
  9925 | D:6      | Reached skill level 7 in Fighting
 10125 | D:6      | Found a shimmering blue altar of Sif Muna.
 10134 | D:6      | Identified Sif Muna's Handbook of the Snowflakes
 10237 | D:6      | Found a bloodstained altar of Trog.
 10396 | D:7      | Noticed Joseph
 10478 | D:7      | Killed Joseph
 10479 | D:7      | Reached skill level 8 in Fighting
 10660 | D:7      | Noticed a two-headed ogre
 10792 | D:7      | Killed a two-headed ogre
 10793 | D:7      | Reached skill level 9 in Fighting
 10793 | D:7      | Reached XP level 9. HP: 23/45 MP: 13/13
 11008 | D:7      | Found a runed translucent gate.
 11008 | D:7      | Found a runed translucent gate.
 11008 | D:7      | Found a runed translucent gate.
 11010 | D:7      | Noticed HoaS's ghost (novice GrGl)
 11253 | D:7      | Noticed Harold
 11268 | D:7      | Killed Harold
 11459 | D:7      | Found a staircase to the Ecumenical Temple.
 11656 | D:7      | Reached skill level 10 in Fighting
 11884 | D:7      | Noticed Maggie
 12152 | D:7      | Killed from afar by Maggie
 12153 | D:7      | Reached XP level 8. HP: -1/43 MP: 12/12
 12165 | D:7      | Killed Maggie
 12371 | D:7      | Killed HoaS's ghost
 12936 | D:5      | Killed Duvessa
 12937 | D:5      | Reached skill level 11 in Fighting
 12938 | D:5      | Killed Dowan
 12939 | D:5      | Reached XP level 9. HP: 12/48 MP: 6/13
 13305 | D:5      | Killed Ijyb
 13594 | D:8      | Noticed a two-headed ogre
 13755 | D:7      | Learned a level 3 spell: Tukima's Dance
 13936 | D:7      | Killed a two-headed ogre
 15272 | D:8      | Reached **** piety under Makhleb
 15371 | D:8      | Noticed a troll
 15421 | D:8      | Killed a troll
 15422 | D:8      | Reached XP level 10. HP: 35/52 MP: 10/14
 15816 | D:9      | Noticed a two-headed ogre
 16131 | D:10     | Entered Level 10 of the Dungeon
 16133 | D:10     | Noticed a smoke demon
 16139 | D:9      | Found Heemp's Antique Weapon Boutique.
 16396 | D:9      | Killed a two-headed ogre
 16397 | D:9      | Reached skill level 5 in Unarmed Combat
 16501 | D:9      | Reached skill level 10 in Stealth
 17531 | D:9      | Reached ***** piety under Makhleb
 18320 | D:9      | HP: 2/52 [poisoned by an orc]
 18328 | D:9      | HP: 2/52 [poisoned by an orc]
 18688 | D:10     | Noticed a boulder beetle
 18787 | D:10     | Noticed an unseen horror
 18802 | D:10     | Killed an unseen horror
 18803 | D:10     | Reached skill level 5 in Invocations
 19044 | D:10     | Noticed an unseen horror
 19057 | D:10     | Killed an unseen horror
 19514 | D:10     | Noticed Blork the orc
 19522 | D:10     | Found a shimmering blue altar of Sif Muna.
 19709 | D:11     | Reached XP level 11. HP: 55/55 MP: 16/16
 19713 | D:11     | Noticed a skeletal warrior
 19927 | D:11     | Noticed a green ugly thing
 19935 | D:11     | Noticed a skeletal warrior
 19943 | D:11     | Mangled by a flying skull
 19944 | D:11     | Reached XP level 10. HP: -6/52 MP: 4/24
 19989 | D:11     | Found a staircase to the Orcish Mines.
 20055 | D:11     | HP: 2/52 [warg (16)]
 20063 | D:11     | Slain by a hornet zombie
 20064 | D:11     | Reached XP level 9. HP: -4/48 MP: 19/23
 20064 | D:11     | Found a shimmering altar of Xom.
 20064 | D:11     | Found a shimmering altar of Xom.
 20066 | D:11     | Found a shimmering altar of Xom.
 20075 | D:11     | Found a shimmering altar of Xom.
 20142 | D:11     | Killed from afar by an orc priest

Illustrated notes

Levels and vault maps discovered:
D:1:      dpeg_arrival_rooms_c, layout_basic
D:2:      layout_basic, elyvilon_altar_4, kiku_gazebo_garden_becter,
          chequers_ecumenical_altar_simple, uniq_crazy_yiuf_cottage, uniq_robin
D:3:      layout_basic, uniq_grinder
D:4:      cheibrodos_quashed, layout_rooms, old_standard_altar
D:5:      layout_basic, kennysheep_little_box, nicolae_qazlal_style_of_elements,
          basic_altar, serial_curves, eino_curves_04, eino_curves_02,
          hangedman_decor_growths, uniq_duvessa, uniq_ijyb, uniq_sigmund
D:6:      layout_cave_pools, nzn_overflow_gifts_of_might_and_magic,
          kennysheep_mini, old_standard_altar, grunt_temple_overflow_diamond,
          grunt_decor_resistance
D:7:      layout_loops_corners, minmay_temple_entry_sparse_star,
          gammafunk_ghost_necromancy, uniq_harold, uniq_joseph, uniq_maggie
D:8:      layout_basic, minmay_shattered_shrine
D:9:      layout_loops_ring, serial_glass, glass_columns_c, glass_columns_b,
          serial_shops, shop
D:10:     layout_rooms, tgw_sif
D:11:     hangedman_screamer, layout_layer_cave, erik_lair_island, david_orc_3,
          xom_redecorated

Skill      XL: |  1  2  3  4  5  6  7  8  9 10 |
---------------+-------------------------------+-----
Hexes          | 5 6 |  6.4
Fighting       | 1 4 11 10 | 11.3
Ice Magic      | 1 2 |  2.0
Invocations    | 1 3 4 6 |  6.5
Stealth        | 6 8 10 | 10.9
Unarmed Combat | 3 6 |  6.2
Dodging        | 7 |  7.5
Spellcasting   | |  2.0

Action                   |  1- 3 |  4- 6 |  7- 9 | 10-12 || total
-------------------------+-------+-------+-------+-------++-------
Melee: Unarmed           |    92 |   131 |   276 |   185 ||   684
       Bite              |     3 |     6 |    22 |    14 ||    45
       Punch             |     1 |       |     8 |     5 ||    14
 Cast: Corona            |     6 |       |       |       ||     6
       Ensorcelled Hiber |    36 |    93 |   103 |   119 ||   351
       Confusing Touch   |       |     1 |    18 |    11 ||    30
       Tukima's Dance    |       |       |     5 |       ||     5
Invok: Minor Destruction |       |    20 |    74 |    32 ||   126
       Lesser Servant of |       |       |    12 |     3 ||    15
  Use: Potion            |     1 |       |       |     8 ||     9
       Scroll            |       |     4 |     9 |     7 ||    20
 Stab: Sleeping          |    28 |    57 |    60 |    64 ||   209
       Confused          |       |     2 |    17 |     6 ||    25
       Distracted        |       |       |       |     1 ||     1
Armor: Skin              |     1 |     8 |    12 |    13 ||    34
Dodge: Dodged            |    86 |   143 |   230 |   269 ||   728

Table legend: (Time is in decaauts)
 A = Elapsed time spent in this place.
 B = Non-inter-level travel time spent in this place.
 C = Inter-level travel time spent in this place.
 D = Time resting spent in this place.
 E = Time spent auto-exploring this place.
 F = Levels seen in this place.
 G = Mean time per level.
                   A        B        C        D        E       F      G
               +--------+--------+--------+--------+--------+-----+--------+
         Total |  18261 |  17368 |    893 |   6664 |   6462 |  11 | 1660.1 |
       Dungeon |  18261 |  17368 |    893 |   6664 |   6462 |  11 | 1660.1 |
               +--------+--------+--------+--------+--------+-----+--------+

Top non-repeatable levels by time:
     D:3: 2469 daAuts
     D:8: 2445 daAuts
     D:7: 2363 daAuts
     D:9: 2030 daAuts
     D:5: 1895 daAuts
     D:2: 1873 daAuts
     D:1: 1727 daAuts
    D:10: 1132 daAuts
     D:4: 1119 daAuts
     D:6: 879 daAuts
    D:11: 324 daAuts
